 Dungeon Crawl Stone Soup version 0.29.1-15-g9cfb28693d (webtiles) character file.

Game seed: 13840505754063797118

16 Heoruswealwe the Conjurer (level 2, -9/15 HPs)
             Began as a Deep Elf Conjurer on Mar 4, 2023.
             Killed by a fireball (24 damage)
             ... invoked by the fiery rage of Trog
             ... on level 1 of the Dungeon.
             The game lasted 00:05:10 (558 turns).

Heoruswealwe the Conjurer (Deep Elf Conjurer)        Turns: 558, Time: 00:05:10

Health: -9/15      AC:  3    Str:  4    XL:     2   Next: 37%
Magic:  5/8        EV: 12    Int: 22    God:
Gold:   10         SH:  0    Dex: 13    Spells: 7/8 levels left

rFire   . . .      SeeInvis .   f - +0 mace
rCold   . . .      Faith    .   (no shield)
rNeg    . . .      Spirit   .   a - +0 robe
rPois   .          Reflect  .   (no helmet)
rElec   .          Harm     .   (no cloak)
rCorr   .          Rampage  .   (no gloves)
Will    .....                   e - +0 pair of boots
Stlth   ++........              (no amulet)
HPRegen 0.05/turn               (no ring)
MPRegen 0.11/turn               (no ring)

@: no status effects
A: no striking features
a: no special abilities


You were on level 1 of the Dungeon.
You visited 1 branch of the dungeon, and saw 1 of its levels.

You collected 10 gold pieces.

Inventory:

Hand Weapons
 f - a +0 mace (weapon)
Armour
 a - a +0 robe (worn)
 e - a +0 pair of boots (worn)
 g - a +0 leather armour
Scrolls
 d - 2 scrolls of identify {unknown}
Potions
 b - a potion of magic
 c - 2 potions of curing {unknown}


   Skills:
 - Level 2.4 Dodging
 - Level 2.4 Stealth
 + Level 3.7 Spellcasting
 + Level 4.8 Conjurations


You had 7 spell levels left.
You knew the following spells:

 Your Spells              Type           Power      Damage    Failure   Level
a - Magic Dart            Conj           100%       1d8       1%          1

Your spell library contained the following spells:

 Spells                   Type           Power      Damage    Failure   Level
 Searing Ray              Conj           50%        2d6       2%          2
 Apportation              Tloc           8%         N/A       12%         1
 Dazzling Flash           Conj/Hex       28%        N/A       13%         3
 Fulminant Prism          Conj/Hex       7%         3d7       41%         4
 Iskenderun's Mystic Bla  Conj/Tloc      14%        2d5       41%         4


Dungeon Overview and Level Annotations

Branches:
Dungeon (1/15)

Altars:
Trog


Message History

The magic dart hits the endoplasm!
You kill the endoplasm!
Your magical contamination has completely faded away.
You open the door.
There is an open door here.
You open the door.
There is an open door here.
You open the door.
An endoplasm comes into view.
Found a spear.
The magic dart hits the endoplasm!
You kill the endoplasm!
There is an open door here.
A quokka comes into view.
The magic dart hits the quokka.
The quokka is severely wounded.
The magic dart hits the quokka.
You kill the quokka!
Found 2 gold pieces.
You see here a +0 spear.
You now have 10 gold pieces (gained 2).
A ball python comes into view.
Found 5 gold pieces.
A ball python comes into view.
Found a coppery potion.
The magic dart hits the ball python.
You kill the ball python!
The magic dart hits the ball python.
You kill the ball python!
c - 2 coppery potions (gained 1)
You open the door.
There is an open door here.
The magic dart hits the bat.
The bat is severely wounded.
The magic dart hits the bat.
You kill the bat!
Trog hurls fiery rage upon you!
The fireball explodes!
The fireball engulfs you!!
Ouch! That really hurt!
You die...

.##...#####.......#........#
..'...#####............#####
###....................#
#..........#.........#
#..........#...#######
#..........#...# ######
####.......#...## ......
#............# ......
#..........@.# ......
#####............##......
#........................ .....
#..................##### #....
#......####........#########....
##......## #................#....
#........###................#....
.....##^.##.................#....
....#....##.#######.........#....


You could see the fiery rage of Trog (unaware).

Vanquished Creatures
  2 ball pythons (D:1)
  2 bats (D:1)
  2 endoplasms (D:1)
  A giant cockroach (D:1)
  A goblin (D:1)
  2 hobgoblins (D:1)
  A quokka (D:1)
  A frilled lizard (D:1)
  A rat (D:1)
13 creatures vanquished.

Vanquished Creatures (others)
  4 fungi (D:1)
  4 plants (D:1)
8 creatures vanquished.

Grand Total: 21 creatures vanquished

Notes
Turn   | Place    | Note
-------+----------+-------------------------------------------
     0 | D:1      | Heoruswealwe the Deep Elf Conjurer began the quest for the
                  | Orb.
     0 | D:1      | Reached XP level 1. HP: 10/10 MP: 6/6
   279 | D:1      | Found a faded altar of an unknown god.
   285 | D:1      | Got Plato's Volume of the Excursion
   286 | D:1      | Prayed at the altar of an unknown god.
   286 | D:1      | Became a worshipper of Trog the Wrathful
   286 | D:1      | Reached * piety under Trog
   287 | D:1      | Fell from the grace of Trog
   448 | D:1      | Reached XP level 2. HP: 15/15 MP: 1/8
   558 | D:1      | Killed by a fireball

Illustrated notes

Levels and vault maps discovered:
D:1:      elethiomel_arrival_quiet, layout_basic,
          shapermc_ecumenical_altar_rom_forum

Action                   || total
-------------------------++-------
Melee: Mace              ||    28
 Cast: Magic Dart        ||    22
Invok: Renounce Religion ||     1
Armor: Robe              ||     1
Dodge: Dodged            ||     1
